 Dungeon Crawl Stone Soup version 0.32-a0-913-g739538afd8 (webtiles) character file.

Game seed: 13730260198922850587

236 Almanac the Covered (level 5, -6/47 HPs)
             Began as a Mountain Dwarf Fighter on Apr 6, 2024.
             Mangled by an iguana (10 damage)
             ... on level 4 of the Dungeon on Apr 7, 2024.
             The game lasted 00:10:47 (2549 turns).

Almanac the Covered (Mountain Dwarf Fighter)        Turns: 2549, Time: 00:10:47

Health: -6/47      AC:  9    Str: 21    XL:     5   Next: 77%
Magic:  5/5        EV:  9    Int:  8    God:
Gold:   114        SH:  4    Dex:  9    Spells: 2/4 levels left

rFire   + . .        a - +0 war axe
rCold   . . .        c - +0 buckler
rNeg    . . .        s - +2 ring mail {rF+}
rPois   .            (no helmet)
rElec   .            (no cloak)
rCorr   .            e - +0 pair of gloves
SInv    .            (no boots)
Will    .....        (no amulet) Stlth
                     (no ring)
HPRegen 0.27/turn    (no ring)
MPRegen 0.09/turn

%: no passive effects
@: no status effects
A: runic magic, artefact enchanting
a: no special abilities


You were on level 4 of the Dungeon.
You visited 1 branch of the dungeon, and saw 4 of its levels.

You collected 114 gold pieces.

Inventory:

Hand Weapons
 a - a +0 war axe (weapon)
Armour
 c - a +0 buckler (worn)
 e - a +0 pair of gloves (worn)
 s - a +2 ring mail of fire resistance (worn)
Scrolls
 b - a scroll of enchant armour {unknown}
 f - a scroll of immolation {unknown}
 j - a scroll of fog
 l - 2 scrolls of blinking
 p - a scroll of silence {unknown}
 q - a scroll of revelation {unknown}
Potions
 d - a potion of might
 g - 4 potions of enlightenment
 h - 2 potions of heal wounds {unknown}
 i - 2 potions of lignification {unknown}
 n - 2 potions of brilliance {unknown}
 o - a potion of mutation {unknown}
 r - a potion of haste {unknown}


   Skills:
 + Level 4.5 Fighting
 + Level 4.1 Axes
 + Level 4.5 Armour
 + Level 4.5 Shields
 + Level 0.0 Spellcasting
 + Level 0.1 Hexes


You had 2 spell levels left.
You knew the following spells:

 Your Spells              Type           Power      Damage    Failure   Level
a - Jinxbite              Hex            0%         N/A       63%         2

Your spell library contained the following spells:

 Spells                   Type           Power      Damage    Failure   Level
 Dazzling Flash           Conj/Hex       0%         N/A       86%         3
 Frozen Ramparts          Ice            0%         1d1       87%         3
 Ozocubu's Armour         Ice            0%         N/A       87%         3
 Anguish                  Hex/Necr       0%         N/A       99%         4
 Dimensional Bullseye     Hex/Tloc       0%         N/A       99%         4
 Metabolic Englaciation   Hex/Ice        0%         N/A       100%        5


Dungeon Overview and Level Annotations

Branches:
Dungeon (4/15)
 Temple: D:4-7

Altars:
Ashenzari
Hepliaklqana
Zin


Innate Abilities, Weirdness & Mutations

Your spellcasting is much less encumbered by armour.
You can use scrolls of enchantment on lesser artefacts.


Message History

The iguana hisses menacingly.
You barely miss the iguana. The iguana bites you.
You hit the iguana.
The iguana is lightly wounded.
The iguana bites you.
You hit the iguana.
The iguana is moderately wounded.
The iguana bites you! The iguana closely misses you.
You closely miss the iguana.
The iguana is moderately wounded.
The iguana bites you.
You closely miss the iguana.
The iguana is moderately wounded.
The iguana bites you but does no damage.
You closely miss the iguana.
The iguana is moderately wounded.
The iguana bites you. You block the iguana's attack.
You hit the iguana.
The iguana is heavily wounded.
The iguana bites you.
You barely miss the iguana.
The iguana is heavily wounded.
The iguana hisses menacingly.
The iguana bites you!
You barely miss the iguana.
The iguana is heavily wounded.
You block the iguana's attack. The iguana barely misses you.
You slash the iguana!
The iguana is almost dead.
The iguana bites you but does no damage.
You barely miss the iguana.
The iguana is almost dead.
The iguana bites you!
* * * LOW HITPOINT WARNING * * *
You hit the iguana but do no damage.
The iguana is almost dead.
The iguana bites you.
* * * LOW HITPOINT WARNING * * *
The iguana bites you!
You die...

..#.#. .### .#._.#.#..
..# .#...#.#.#####.#
.......#.......####
.#####.#.......'..#
...............##.##
................#..###
#............##...###
#..l@........####.##.
#............# #.....
#.......#....# #.....
##.....##....###.....
#.....##....##......
#....?# ######......
#.....# #......
#.....# #......
#......


You could see an iguana.

Vanquished Creatures
  Natasha (thrice) (D:2)
  4 adders
  A gnoll (D:1)
  2 dart slugs
  2 ribbon worms (D:2)
  8 orcs
  7 ball pythons
  9 endoplasms
  A giant cockroach (D:2)
  9 goblins
  7 hobgoblins
  4 jackals
  6 kobolds
  6 quokkas
  8 bats
  4 frilled lizards
  13 rats
94 creatures vanquished.

Notes
Turn   | Place    | Note
-------+----------+-------------------------------------------
     0 | D:1      | Almanac the Mountain Dwarf Fighter began the quest for the
                  | Orb.
     0 | D:1      | Reached XP level 1. HP: 19/19 MP: 1/1
    92 | D:1      | Reached XP level 2. HP: 21/26 MP: 2/2
   321 | D:1      | Reached XP level 3. HP: 32/33 MP: 3/3
   325 | D:1      | Found a faded altar of an unknown god.
   857 | D:2      | Noticed Natasha
   868 | D:2      | Killed Natasha
   869 | D:2      | Reached XP level 4. HP: 36/40 MP: 4/4
  1184 | D:2      | Noticed Natasha
  1192 | D:2      | Killed Natasha
  1193 | D:2      | Reached XP level 5. HP: 38/46 MP: 5/5
  1230 | D:2      | Noticed Natasha
  1253 | D:2      | Killed Natasha
  1708 | D:3      | Found a hazy altar of Hepliaklqana.
  1963 | D:3      | Upgraded the game from 0.32-a0-909-gc671339a80 to
                  | 0.32-a0-913-g739538afd8
  2147 | D:3      | Found a broken altar of Ashenzari.
  2157 | D:3      | Got Piqedota's Quarto of Ill Luck
  2161 | D:3      | Learned a level 2 spell: Jinxbite
  2532 | D:4      | Found a glowing silver altar of Zin.
  2549 | D:4      | Mangled by an iguana

Illustrated notes

Levels and vault maps discovered:
D:1:      beargit_arrival_diablo_church, layout_basic,
          hellmonk_ecumenical_altar_slurped_away
D:2:      layout_basic, st_stairs_14, uniq_natasha
D:3:      corexii_shack_village, layout_rooms, mainiacjoe_overflow_alcove_2,
          lemuel_crystal_altar, kennysheep_generic_room_14
D:4:      layout_basic, mainiacjoe_overflow_cross_hatched

Skill      XL: |  1  2  3  4  5 |
---------------+----------------+-----
Axes           | 3 4 |  4.1
Fighting       | 4 |  4.5
Armour         | 4 |  4.5
Shields        | 4 |  4.5
Hexes          | |  0.1

Action                     |  1- 3 |  4- 6 || total
---------------------------+-------+-------++-------
  Melee: War axe           |   140 |   215 ||   355
    Use: Scroll            |     1 |     4 ||     5
 Armour: Scale mail        |   117 |   153 ||   270
         Ring mail         |       |    26 ||    26
  Dodge: Dodged            |    92 |    92 ||   184
  Block: Buckler           |    39 |    32 ||    71

Table legend: (Time is in decaauts)
 A = Elapsed time spent in this place.
 B = Non-inter-level travel time spent in this place.
 C = Inter-level travel time spent in this place.
 D = Time resting spent in this place.
 E = Time spent auto-exploring this place.
 F = Levels seen in this place.
 G = Mean time per level.
                   A        B        C        D        E       F      G
               +--------+--------+--------+--------+--------+-----+--------+
         Total |   2683 |   2640 |     43 |     11 |   1811 |   4 |  670.8 |
       Dungeon |   2683 |   2640 |     43 |     11 |   1811 |   4 |  670.8 |
               +--------+--------+--------+--------+--------+-----+--------+

Top non-repeatable levels by time:
     D:2: 1017 daAuts
     D:3: 765 daAuts
     D:1: 743 daAuts
     D:4: 157 daAuts
